Cogmind - Beta 16 @@@ ROGUE MODE // 2026.01.21 @ 18:40:02 Player: YoKa Result: Destroyed by as-68153 with Assembled Heavy Rifle Performance ------------- Evolutions (0) 0 Regions Visited (2) 400 Robots Destroyed (40) 200 Value Destroyed (854) 854 Prototype IDs (0) 0 Alien Tech Used (0) 0 Bonus (0) 0 TOTAL SCORE: 1454 Bonus ------- None Cogmind --------- Core Integrity 0/250 Matter 261/300 Energy 226/250 System Corruption 1% Temperature Cool (0) Movement Treading (160) Location -10/Mines Parts ------- > --- POWER (1) -------- Ion Engine > --- PROPULSION (2) --- Light Treads Light Treads > --- UTILITY (2) ------ Medium Storage Unit > --- WEAPON (2) ------- Small Laser Small Laser > --- INVENTORY (10) --- Ion Engine Ion Engine Light Treads Hardened Light Armor Plating Hacking Suite Datajack Peak State ------------ > --- POWER ------------ Ion Engine > --- PROPULSION ------- Light Treads Light Treads > --- UTILITY ---------- Small Storage Unit Small Storage Unit > --- WEAPON ----------- Assault Rifle Assault Rifle > --- INVENTORY -------- Light Assault Rifle [Rating: 7] Favorites ----------- Power Ion Engine Engine Ion Engine Propulsion Light Treads Treads Light Treads Utility Small Storage Unit Storage Small Storage Unit Weapon Assault Rifle Energy Gun Small Laser Ballistic Gun Assault Rifle Launcher Grenade Launcher Special Melee Weapon Datajack Build | -11 -10 -10 ------- Run | Yrd Mat Min Slots Evolved . | . . . Power . | . . . Propulsion . | . . . Utility . | . . . Weapon . | . . . Parts Attached 17 | 7 5 5 Power 3 | 1 1 1 Engine 3 | 1 1 1 Core . | . . . Reactor . | . . . Propulsion 4 | 2 2 . Treads 4 | 2 2 . Leg . | . . . Wheel . | . . . Hover . | . . . Flight . | . . . Utility 3 | 2 . 1 Device . | . . . Storage 3 | 2 . 1 Processor . | . . . Hackware . | . . . Protection . | . . . Artifact . | . . . Weapon 7 | 2 2 3 Energy Gun 2 | . . 2 Energy Cannon . | . . . Ballistic Gun 3 | 2 1 . Ballistic Cannon . | . . . Launcher 1 | . . 1 Special Weapon . | . . . Impact Weapon . | . . . Slashing Weapon . | . . . Piercing Weapon . | . . . Special Melee Weapon 1 | . 1 . Unidentified Prototypes . | . . . Parts Lost 7 | . 5 2 Power 1 | . 1 . Propulsion 2 | . 2 . Utility . | . . . Weapon 4 | . 2 2 Highest Loss Streak 5 | . 5 2 To Critical Strikes . | . . . Average Backups 4 | 1 4 5 Power . | . . 1 Propulsion 1 | . 1 1 Utility . | . . 2 Weapon 1 | 1 1 . Tool/Special . | . . . Unused Backups 4 | . 1 3 Power . | . . . Propulsion 1 | . . 1 Utility 2 | . . 2 Weapon 1 | . 1 . Tool/Special . | . . . Average Slot Usage (%) 91 | . 93 86 Engine 13 | . 13 14 Treads 27 | . 27 28 Storage 24 | . 28 16 Ballistic Gun 19 | . 22 12 Launcher 3 | . . 12 Peak Build Rating 7 | 7 7 7 Average Rating 6 | 5 6 6 On Entrance 4 | . 7 7 Avg Prop Armor Cover (%) . | . . . Naked Turns . | . . . Heaviest Build 20 | 19 19 20 Greatest Support 40 | 40 40 40 Greatest Overweight (x) 1 | 1 . . Average Overweight (x) . | . . . Largest Inventory Capacity 10 | 8 8 10 Average Capacity 8 | 7 8 9 Most Carried 7 | 3 7 7 Average Carried 4 | 1 4 4 Final Capacity 10 | 8 8 10 Final Carried 6 | 1 5 6 Class Distribution -------------------- 68% | Mutant 31% | Scavenger-Mutant Dominant Class ---------------- Mutant | -10/Materials Mutant | -10/Mines Resources | -11 -10 -10 ----------- Run | Yrd Mat Min Matter Collected 978 | 279 581 118 Remotely . | . . . Salvage Created 1159 | 93 895 171 Parts 84 | 2 66 16 Haulers Intercepted 2 | . 2 . Recyclers Shooed 1 | . 1 . Parts Field Recycled . | . . . Retrieved Matter . | . . . Parts Self-Destructed . | . . . Prevented . | . . . Parts Restored . | . . . Kills | -11 -10 -10 ------- Run | Yrd Mat Min Combat Hostiles Destroyed 29 | . 21 8 Guns 24 | . 21 3 AOE 5 | . . 5 Classes Destroyed 7 | 1 5 1 Tunneler 1 | . . 1 Hauler 2 | . 2 . Recycler 2 | 1 1 . Operator 4 | . 4 . Watcher 2 | . 2 . Swarmer 11 | . 8 3 Grunt 18 | . 13 5 Best Kill Streak 5 | 1 5 4 Combat Bots Only 5 | . 5 3 Max Kills in Single Turn 2 | 1 1 2 Gunslinging . | . . . Exploded 2 | . . 2 Melee . | . . . Uniques/NPCs Destroyed . | . . . Combat | -11 -10 -10 -------- Run | Yrd Mat Min Hostile Shots Fired 173 | . 122 51 Missed 48 | . 33 15 Hits 125 | . 89 36 Projectile 125 | . 89 36 Critical Strikes 1 | . 1 . Damage Taken 1356 | . 895 461 Core 260 | . 138 122 Absorbed by Shields . | . . . Regen/Repaired (Parts) 97 | . 97 . Core Remaining (%) 100 | 100 . . Volleys Fired 146 | 4 118 24 Largest 2 | 2 2 2 Hottest 80 | 40 40 80 Shots Fired 223 | 8 188 27 Gun 217 | 8 188 21 Cannon . | . . . Launcher 6 | . . 6 Special . | . . . Kinetic 201 | 8 188 5 Thermal 16 | . . 16 Explosive 6 | . . 6 Electromagnetic . | . . . Robot Hit Streak 11 | 2 11 9 Robot Miss Streak 3 | 1 3 1 Penetration Max . | . . . Secondary Targets 5 | . 5 . Max Gunslinging Chain 1 | . 1 . Shots Hit Robots 142 | 4 118 20 Core Hits 72 | 2 53 17 Critical Kills 2 | . 2 . Critical Parts Destroyed 2 | . . 2 Critical Strikes 4 | . 2 2 Destroy 4 | . 2 2 Melee Attacks . | . . . Impact . | . . . Slashing . | . . . Piercing . | . . . Sneak Attacks . | . . . Combat Hostiles . | . . . Follow-up Attacks . | . . . Damage Inflicted 2190 | 65 1534 591 Guns 1760 | 65 1530 165 Cannons . | . . . Explosions 411 | . . 411 Melee . | . . . Ramming 19 | . 4 15 Kinetic 1632 | 65 1530 37 Thermal 128 | . . 128 Explosive 411 | . . 411 Electromagnetic . | . . . Impact . | . . . Slashing . | . . . Piercing . | . . . Highest Corruption 1 | . 1 1 Average Corruption 1 | . 1 1 Corruption Purged . | . . . Corruption Blocked . | . . . Effects 4 | . 1 3 Message Errors 2 | . 1 1 Data Loss (minor) 1 | . . 1 Weapon Failures 1 | . . 1 Overload Shots . | . . . Overflow Damage . | . . . Projectiles . | . . . Explosions . | . . . Melee . | . . . Knockbacks . | . . . Impact . | . . . Kinetic . | . . . Secondary . | . . . Self-Inflicted Damage 73 | . . 73 Shots 4 | . . 4 Rammed 5 | . 3 2 Targets Rammed 5 | . 3 2 Kicked . | . . . Crushed . | . . . Highest Temperature 66 | . 20 66 Average Temperature 15 | . 7 19 Received Heat Transfer 561 | . 363 198 Siege Activations . | . . . Martial Activations . | . . . Shielding Activations . | . . . Robots Disrupted . | . . . Combat Hostiles . | . . . Robots Corrupted . | . . . Combat Hostiles . | . . . Parts Fried . | . . . Impact Corruptions . | . . . Robots Melted . | . . . Combat Hostiles . | . . . Parts Melted . | . . . Heat Transferred 300 | . . 300 Parts Sabotaged . | . . . Parts Stolen . | . . . Parts Stripped . | . . . Power Chain Reactions . | . . . Alert | -11 -10 -10 ------- Run | Yrd Mat Min Maximum Alert Level 1 | . 1 . Low Security (%) 92 | 100 87 100 Level 1 7 | . 12 . Level 2 . | . . . Level 3 . | . . . Level 4 . | . . . Level 5 . | . . . High Security . | . . . Max Security . | . . . Peak Influence 245 | 5 245 120 Initial 45 | . . 45 Average 91 | . 126 28 Influence Increases 854 | 5 633 216 Destroy 0b10 Robot/C 580 | . 420 160 Destroy 0b10 Robot/NC 55 | 5 45 5 Destroy Leader 108 | . 98 10 Successful Hack 6 | . 6 . Destroy Structure 30 | . 4 26 Partial Spotted 30 | . 30 . Lose Combat Pursuer 45 | . 30 15 Influence Decreases 755 | 5 516 234 Entered New Map 72 | . . 72 Time Decay 623 | 5 466 152 Lost Part 60 | . 50 10 Squads Dispatched 5 | . 5 . Investigation 1 | . 1 . Extermination . | . . . Reinforcement 4 | . 4 . Assault . | . . . Garrison . | . . . Intercept . | . . . Searches Triggered . | . . . Construction Impeded . | . . . Haulers Reinforced . | . . . Active Scanning Responses . | . . . Cargo Convoy Interrupts . | . . . Stealth | -11 -10 -10 --------- Run | Yrd Mat Min Distress Signals 4 | . 3 1 Communications Jammed . | . . . Distress Signals . | . . . Times Spotted 75 | . 65 10 Peak Tracking Total 7 | . 7 3 Tactical Retreats 2 | . 1 1 Traps | -11 -10 -10 ------- Run | Yrd Mat Min Traps Triggered 2 | . 2 . Indirectly . | . . . Trap Hack Attempts 29 | . 29 . Triggered . | . . . Disarmed . | . . . Reprogrammed 2 | . 2 . Reused . | . . . Traps Extracted . | . . . Installed . | . . . Triggered . | . . . Machines | -11 -10 -10 ---------- Run | Yrd Mat Min Machines Disabled . | . . . Max in Single Turn . | . . . Machines Repaired . | . . . Machines Dismantled . | . . . Machines Sabotaged . | . . . Overloaded Fab Kills . | . . . Hacking | -11 -10 -10 --------- Run | Yrd Mat Min Machines Accessed 2 | . 2 . Terminals 1 | . 1 . Fabricators . | . . . Repair Stations 1 | . 1 . Recycling Units . | . . . Scanalyzers . | . . . Garrison Access . | . . . Total Hacks 5 | . 5 . Successful 3 | . 3 . Failed 2 | . 2 . Catastrophic 1 | . 1 . Database Lockouts . | . . . Manual 3 | . 3 . Terminals 2 | . 2 . Fabricators . | . . . Repair Stations 3 | . 3 . Recycling Units . | . . . Scanalyzers . | . . . Garrison Access . | . . . Terminal Hacks . | . . . Fabricator Hacks . | . . . Repair Station Hacks 2 | . 2 . Scan Component 1 | . 1 . Repair 1 | . 1 . Recycling Unit Hacks . | . . . Scanalyzer . | . . . Garrison Access Hacks . | . . . Unauthorized Hacks 1 | . 1 . Terminals 1 | . 1 . Operators 1 | . 1 . Fabricators . | . . . Repair Stations . | . . . Recycling Units . | . . . Scanalyzers . | . . . Garrison Access . | . . . Data Cores Recovered . | . . . Used . | . . . Hacking Detections 2 | . 2 . Full Trace Events . | . . . Feedback Events . | . . . Feedback Blocked . | . . . Robot Schematics Acquired . | . . . Robots Built . | . . . Authchips . | . . . Time . | . . . Total Robot Build Rating . | . . . Part Schematics Acquired . | . . . Parts Built . | . . . Authchips . | . . . Time . | . . . Total Part Build Rating . | . . . Part Studies Acquired . | . . . Parts Repaired 1 | . 1 . Time 26 | . 26 . Parts Recycled . | . . . Recycled Matter . | . . . Retrieved Matter . | . . . Retrieved Components . | . . . Parts Scanalyzed . | . . . Part Schematics Acquired . | . . . Parts Damaged . | . . . Bothacking | -11 -10 -10 ------------ Run | Yrd Mat Min Used RIF Installer . | . . . Robots Hacked . | . . . Non-combat . | . . . Combat . | . . . Robot Hacks Applied . | . . . Relay Couplers Released . | . . . Fabnet Peak Effective % . | . . . Robots Rewired . | . . . Allies Hacked . | . . . Hacks Repelled . | . . . Allies | -11 -10 -10 -------- Run | Yrd Mat Min Total Allies . | . . . Largest Group . | . . . Highest-Rated Group . | . . . Highest-Rated Ally . | . . . Total Orders . | . . . Ally Attacks . | . . . Total Damage . | . . . Kills . | . . . Allies Corrupted . | . . . Allies Melted . | . . . Intel | -11 -10 -10 ------- Run | Yrd Mat Min Active Infowar (turns) . | . . . Robot Analysis Total . | . . . Derelict Logs Recovered 1 | . . 1 Drone Launches . | . . . Drone Recoveries . | . . . Exploration | -11 -10 -10 ------------- Run | Yrd Mat Min Turns Passed 2491 | 122 1635 734 Spaces Moved 1024 | 64 744 216 Core 8 | 8 . . Treads 1016 | 56 744 216 Legs . | . . . Wheels . | . . . Hover . | . . . Flight . | . . . Fastest Speed 50 | 50 160 160 Average Speed 159 | 150 160 160 Slowest Speed 160 | 160 160 160 Overloaded Moves . | . . . Propulsion Burnouts . | . . . Robots Hopped . | . . . Potential Cave-ins . | . . . Cave-ins Triggered . | . . . Exploration Rate (%) 35 | 4 73 29 Regions Visited 2 Branch Regions 1 Pre-discovered Areas . | . . . Known Exits Taken . | . . . Unknown Exits Taken 2 | 1 1 . Scrap Searched 1 | . . 1 Spaces Dug . | . . . Terrain Destroyed 38 | . . 38 Melee . | . . . Projectile . | . . . AOE 38 | . . 38 Terrain Rammed . | . . . Walls Destroyed . | . . . Machines Disabled . | . . . Actions | -11 -10 -10 --------- Run | Yrd Mat Min Total 1657 | 82 999 576 Wait 407 | . 88 319 Move 1022 | 63 743 216 Hop . | . . . Pick Up 23 | 8 11 4 Fast Attach . | . . . Attach 15 | 7 6 2 Detach 1 | . . 1 Swap 6 | . . 6 Drop 3 | . 1 2 Fire 146 | 4 118 24 Melee . | . . . Ram . | . . . Kick . | . . . Crush 5 | . 3 2 Escape Stasis . | . . . Rewire . | . . . Trap 29 | . 29 . Miscellaneous . | . . . Route ------- -11/Scrapyard -10/Materials (discovered 4 exits: [*Mat x2] / [*Min] / [*Sub]) -10/Mines (discovered 2 exits: [*Mat] / Exi) History --------- Turn | Location | Event 10 | -11/Scrapyard | Discovered new exit (range 14) 123 | -11/Scrapyard | Entered Materials 313 | -10/Materials | Build established: Mutant 567 | -10/Materials | Discovered new exit (range 10) 722 | -10/Materials | Discovered new exit (range 14) 849 | -10/Materials | Discovered new exit (range 16) 1080 | -10/Materials | Core integrity fell below 50% 1100 | -10/Materials | Lost 5 parts (1p2n2w) 1120 | -10/Materials | Discovered new exit (range 8) 1357 | -10/Materials | Build established: Scavenger-Mutant 1496 | -10/Materials | Repaired Lgt. Treads 1758 | -10/Materials | Entered Mines 1878 | -10/Mines | Identified exit to Exiles 1961 | -10/Mines | Discovered new exit (range 14) 2077 | -10/Mines | Excavation squad dispatched 2077 | -10/Mines | A large section of the Mines collapsed 2166 | -10/Mines | Build established: Mutant 2327 | -10/Mines | Excavation squad dispatched 2418 | -10/Mines | Core integrity fell below 20% 2492 | -10/Mines | Destroyed by as-68153 with Assembled Heavy Rifle Last Messages --------------- Destroyed Aluminum Leg. T-07 Excavator is excavating. Assault Rifle destroyed. T-07 Excavator destroyed. G-34 Mercenary destroyed. The unstable cave ceiling collapses. Grenade Launcher destroyed. The unstable cave ceiling collapses. Acquired Sml. Laser. T-07 Excavator is excavating. J=F:4MFNJ#1Z/1ZLE=2IT0=FPEEFJOYXXUZZ Y System corrupted: Sml. Laser failed to cycle. The unstable cave ceiling collapses. G-34 Mercenary destroyed. Acquired 40 matter. Acquired Sml. Laser. G-34 Mercenary destroyed. Acquired 31 matter. Acquired Ion Engine. T-07 Excavator destroyed. Map ----- +----------------------------------------------------+ | | | | | | | | | | | | | ?????????????????????????????????????????????????? | | ?????????????????????????????????????????????????? | | ?????????#####################???????????????????? | | ?????????# #??????????????? | | ?????????# ########## ########???????????????????? | | ???????? #????????# #??????????????????????????? | | ???????### #????????# #??????????????????????????? | | ?????????# #????????# #??????????????????????????? | | ?????????# #????????# ####???????????????????????? | | ????????? ????????# #???????????????????????? | | ????????? ????????####=#???????????????????????# | | ?????????"" ???????????# #????????????????????### | | ?????????"" ???????????# #???????????????????## | | ?????????"" ???????????#!#??????????????????## | | ??????????? ???????????#=#?????????????????## | | ??????????? ????????#??# #?????????????????# | | ??????????? ???????## ##[###???????????????# | | ???????????#?##### # # #???????????????# | | ?????????????# ## # # #???????????????## [ | | ?????????????# ####### # @ #????????????????## * | | #####????????# #?### % ##????????????????## | | # ########?# #?# [ ####??????????????## | | # ## ### #?# ##??????????????## | | ## ## ### ! =a ##??????????????# | | ?# < t # %= ; #?????????????## | | ?## ####### ### ####?????????????# | | ??##### ##?????# ### #### #?????????????# | | ??????## ##?????## ######?## ####??????????# | | ???????###?????## ##?????# #??????????# | | ??????????????## ###???##### #??????????# | | ?????????????## #???????# #??????##### | | ?????????????# #??????# #??????# | | ?????????????# ### #??????# #??????# ##### | | ?????????????# ##??# ##??????# #??????# #???? | | ?????????????# ##????# ##???????# #??????# #???? | | ?????????????####??????###???????## ######## #???? | | ?????????????????????????????????# #???? | | ?????????????????????????????????# ##########???? | | ?????????????????????????????????# #????????????? | | ????????????????????????????????# #????????????? | | ??????????????????????????????? #????????????? | | ?????????????????????????????? ????????????? | | ????????????????????????????? """ ????????????? | | ????????????????????????????# """ ????????????? | +----------------------------------------------------+ Best States ------------- Heat Dissipation 25 Energy Generation 10 Energy Capacity 250 Matter Stores 300 Matter Capacity 300 Sight Range 16 Terrain Scan Density 10 Evasion (%) 40 Recoil Reduction 2 Item Schematics ----------------- None Robot Schematics ------------------ None Fabricated ------------ Nothing Repaired ---------- Lgt. Treads | 30% | -10/Materials Studied --------- None Alien Tech Used ----------------- None Achievements -------------- Hehehe Challenges ------------ None Game ------ Seed NeutrinoGravityFrame Manual? 0 Play Time 00:19:39 Cumulative 9.9 hours Start 2026.01.21 @ 18:18:41 End 2026.01.21 @ 18:40:02 Sessions 1 Manual Loads 0 Difficulty Rogue Special Mode None Game No. 14 Rogue 14 Adventurer 0 Explorer 0 Win Type - Total 0 Types 0/0/0/0/0/0/0/0/0/0 Lore% 12 Gallery% 15 Achievement% 15 Wizard Run 0 Options --------- Layout 2 ASCII 0 Keyboard 0 Movement Mouse Keybinds 0 Fullscreen 1 Font 24/Smallcaps Map View 50x44 Zoom Use 0% Tactical HUD 0 Map Filters NONE Filters NONE Steam 1 RUN: 58f8d790-819b-426a-b306-c76b9d5cda5a